 Dungeon Crawl Stone Soup version 0.27-a0-577-ge2a43ba0c9 (webtiles) character file.

Game seed: 17533532980023589804

12490 Aerich the Destroyer (level 11, -7/89 HPs)
             Began as a Yellow Draconian Conjurer on Mar 10, 2021.
             Was an Elder of Sif Muna.
             Mangled by an eight-headed hydra (11 damage)
             ... on level 11 of the Dungeon.
             The game lasted 01:05:56 (15929 turns).

Aerich the Destroyer (Yellow Draconian Conjurer)   Turns: 15929, Time: 01:05:57

Health: -7/89      AC: 17    Str: 10    XL:     11   Next: 63%
Magic:  17/24      EV: 14    Int: 20    God:    Sif Muna [****..]
Gold:   1042       SH:  0    Dex: 11    Spells: 22/28 levels left

rFire    . . .     SeeInvis .   a - +0 war axe (flame)
rCold    . . .     Faith    .   (no shield)
rNeg     + . .     Spirit   .   (armour unavailable)
rPois    .         Reflect  .   X - +1 hat
rElec    .         Harm     .   (no cloak)
rCorr    +         Rampage  .   E - +1 pair of gloves {Stlth+}
Will     .....                  L - +2 pair of boots
Stlth    +++.......             o - amulet of magic regeneration
HPRegen  0.24/turn              n - ring of positive energy
MPRegen  0.44/turn              N - +4 ring of protection

@: no status effects
A: spit acid, unfitting armour, cold-blooded, acid resistance, AC +7
a: Breathe Acid, Renounce Religion, Channel Magic, Forget Spell, Divine Exegesis


You were on level 11 of the Dungeon.
You worshipped Sif Muna.
Sif Muna was greatly pleased with you.
You visited 2 branches of the dungeon, and saw 12 of its levels.
You also visited: Sewer and Ossuary.

You collected 1042 gold pieces.

Inventory:

Hand Weapons
 a - a +0 war axe of flaming (weapon)
 b - a +0 hunting sling
 G - a +2 whip of electrocution
 K - a +0 shortbow
 V - a +2 dagger of speed
Missiles
 f - 13 boomerangs
 g - 78 bolts
 h - 412 stones
 i - 284 arrows
 l - 101 sling bullets
 H - 9 boomerangs of dispersal
 M - 14 poisoned darts
 R - 8 javelins
Armour
 E - a +1 pair of gloves of stealth (worn)
 L - a +2 pair of boots (worn)
 X - a +1 hat (worn)
Jewellery
 n - a ring of positive energy (left hand)
 o - an amulet of magic regeneration (around neck)
 N - a +4 ring of protection (right hand)
 Y - a ring of poison resistance
Wands
 c - a wand of paralysis (1)
 e - a wand of flame (78)
 s - a wand of iceblast (13)
 J - a wand of charming (17)
 P - a wand of random effects (9)
 T - a wand of mindburst (31)
Scrolls
 j - 2 scrolls of amnesia
 k - 5 scrolls of teleportation
 p - 2 scrolls of magic mapping {unknown}
 u - 2 scrolls of fog
 y - 4 scrolls of fear
 A - a scroll of acquirement {unknown}
 B - 7 scrolls of identify
 Q - 2 scrolls of blinking
 S - a scroll of summoning {unknown}
 U - a scroll of noise {unknown}
Potions
 d - a potion of berserk rage
 q - 2 potions of resistance
 r - a potion of attraction {unknown}
 t - a potion of might {unknown}
 v - 3 potions of heal wounds
 w - 2 potions of curing
 x - 5 potions of flight
 z - 4 potions of mutation
 C - a potion of ambrosia {unknown}
 D - 2 potions of degeneration {unknown}
 F - a potion of brilliance {unknown}
 I - a potion of magic {unknown}
 O - a potion of lignification {unknown}
 W - a potion of haste {unknown}


   Skills:
 * Level 5.9 Fighting
 + Level 0.2 Short Blades
 + Level 5.1 Axes
 + Level 0.9(3.3) Maces & Flails
 + Level 6.9 Dodging
 + Level 5.5 Stealth
 + Level 9.0 Spellcasting
 + Level 10.7 Conjurations
 * Level 4.9 Invocations
 + Level 0.5 Evocations


You had 22 spell levels left.
You knew the following spells:

 Your Spells              Type           Power      Damage    Failure   Level
a - Magic Dart            Conj           100%       1d8       1%          1
b - Searing Ray           Conj           100%       3d7       1%          2
c - Apportation           Tloc           18%        N/A       8%          1
d - Ensorcelled Hibernat  Hex/Ice        18%        N/A       12%         2

Your spell library contained the following spells:

 Spells                   Type           Power      Damage    Failure   Level
 Dazzling Flash           Conj/Hex       60%        N/A       2%          3
 Animate Skeleton         Necr           18%        N/A       8%          1
 Corona                   Hex            10%        N/A       8%          1
 Freeze                   Ice            36%        1d6       8%          1
 Summon Small Mammal      Summ           36%        N/A       8%          1
 Fulminant Prism          Conj/Hex       15%        3d11      9%          4
 Hailstorm                Conj/Ice       30%        3d8       9%          4
 Iskenderun's Mystic Bla  Conj/Tloc      30%        2d8       9%          4
 Confusing Touch          Hex            9%         N/A       22%         3
 Frozen Ramparts          Ice            18%        1d3       22%         3
 Gell's Gravitas          Tloc           4%         N/A       22%         3
 Petrify                  Tmut/Erth      9%         N/A       58%         4
 Metabolic Englaciation   Hex/Ice        4%         N/A       91%         5
 Summon Forest            Summ/Tloc      4%         N/A       91%         5
 Summon Mana Viper        Hex/Summ       9%         N/A       91%         5
 Yara's Violent Unravell  Hex/Tmut       4%         3d4       91%         5


Dungeon Overview and Level Annotations

Branches:
Dungeon (11/15)            Temple (1/1) D:6           Sewer (visited)
Ossuary (visited)
   Lair: D:8-11         Orc: D:9-12

Altars:
Ashenzari
Cheibriados
Dithmenos
Elyvilon
Fedhas
Hepliaklqana
Kikubaaqudgha
Makhleb
Nemelex Xobeh
Okawaru
Qazlal
Ru
Sif Muna
Trog
Uskayaw
Vehumet
Wu Jian
Xom
Yredelemnul
The Shining One


Innate Abilities, Weirdness & Mutations

You can spit globs of acid.
Your golden yellow scales are hard. (AC +7)
You cannot fit into any form of body armour.
You are cold-blooded and may be slowed by cold attacks.
You are resistant to acid. (rCorr)


Message History

The eight-headed hydra bites you but does no damage.
The eight-headed hydra barely misses you.
The eight-headed hydra closely misses you.
The eight-headed hydra bites you but does no damage. x2
The eight-headed hydra closely misses you. x2
The searing ray hits the eight-headed hydra!
The eight-headed hydra is severely wounded.
You finish channeling your searing ray.
The eight-headed hydra bites you!
The eight-headed hydra bites you but does no damage. x2
The eight-headed hydra barely misses you.
The eight-headed hydra bites you but does no damage.
The eight-headed hydra bites you.
The eight-headed hydra bites you but does no damage.
The eight-headed hydra bites you!
* * * LOW HITPOINT WARNING * * *
Press: ? - help, v - describe, . - travel
Here: an eight-headed hydra (severely wounded)
The floor.
Casting: Searing Ray (safe; 1% risk of failure)
Confirm with . or Enter, or press ? or * to list all spells.
Aiming: Searing Ray (safe; 1% risk of failure)
Press: ? - help, Shift-Dir - straight line, f/p - eight-headed hydra
Aim: an eight-headed hydra (severely wounded, 6% to evade)
The searing ray hits the eight-headed hydra!
The eight-headed hydra is almost dead. (Press . to maintain the ray.)
The eight-headed hydra barely misses you.
The eight-headed hydra bites you but does no damage.
The eight-headed hydra barely misses you.
The eight-headed hydra bites you but does no damage.
The eight-headed hydra bites you!
* * * LOW HITPOINT WARNING * * *
The eight-headed hydra closely misses you. x2
The eight-headed hydra bites you.
* * * LOW HITPOINT WARNING * * *
The searing ray hits the eight-headed hydra!
The eight-headed hydra is almost dead.
The eight-headed hydra bites you but does no damage.
The eight-headed hydra bites you!
You die...

.##.##....#.#.##..........+ ....
.##.##....#.........#.....# #.###
.##.##..#.#.#.##.####.#######.###
.# ... ..#...>...........).... .#
#### .###..###########)######
.##.... .. ....#.................
.##... .... #..##...#....####.
.##..# ..... #D###...#....# ##
.##..# .... #@###..##....#####
.##..##.... #......###........
.##.......# #.....## #...#....
..........# #...### #...#....
###.#.....####.#.#### ##..##...
...............#)...#### #..####.
###<#........# #.......####......
#.#........# #.........###.....
#.##.......# #..........####...


You could see an eight-headed hydra.

Vanquished Creatures
  A two-headed ogre (D:8)
  Pikel (D:5)
  4 ugly things (D:11)
  A manticore (D:11)
  Maurice (D:8)
  2 gargoyles (D:11)
  Maggie (D:6)
  An efreet (D:11)
  A kobold demonologist (D:7)
  Sigmund (D:3)
  A wyvern (D:10)
  5 yaks
  A steam dragon (D:9)
  A soldier ant (D:11)
  2 water moccasins
  An orc warrior (D:8)
  4 sky beasts
  8 ogres
  3 ice beasts
  3 black bears
  2 necrophages
  2 phantoms
  2 lemures (D:5)
  7 centaurs
  9 bullfrogs
  A wyvern zombie (D:6)
  2 scorpions
  A wyvern skeleton (D:10)
  10 killer bees
  4 wights (D:10)
  A crimson imp (D:4)
  A centaur zombie (D:6)
  4 jellies
  3 centaur skeletons
  An orc priest (D:5)
  8 hounds
  An iron imp (D:7)
  Jessica (D:2)
  Ijyb (D:3)
  5 iguanas
  4 orc wizards
  Natasha (twice) (D:4)
  Terence (D:3)
  12 worker ants
  A hound zombie (D:7)
  A hound skeleton (D:6)
  8 mummies (Ossuary)
  A howler monkey zombie (D:6)
  A worker ant zombie (D:9)
  Robin (D:4)
  A howler monkey skeleton (D:5)
  A river rat (D:6)
  18 adders
  2 shadow imps
  5 white imps
  3 ufetubi
  19 oozes
  An adder skeleton (D:6)
  3 worms
  6 dart slugs
  17 leopard geckos
  20 orcs
  7 ball pythons (Sewer)
  7 bats
  12 giant cockroaches
  2 gnoll zombies (Ossuary)
  12 goblins
  12 hobgoblins
  27 jackals
  5 quokkas
  16 frilled lizards
  2 goblin skeletons (D:4)
  A goblin zombie (D:4)
  9 hobgoblin zombies
  7 kobolds
  A kobold skeleton (D:4)
  2 kobold zombies (Ossuary)
  An orc skeleton (D:4)
  3 orc zombies
  A quokka zombie (D:8)
  8 rats
372 creatures vanquished.

Notes
Turn   | Place    | Note
-------+----------+-------------------------------------------
     0 | D:1      | Aerich the Draconian Conjurer began the quest for the Orb.
     0 | D:1      | Reached XP level 1. HP: 14/14 MP: 3/3
   375 | D:1      | Reached XP level 2. HP: 20/20 MP: 3/5
   384 | D:1      | Learned a level 2 spell: Searing Ray
  1063 | D:1      | Reached XP level 3. HP: 26/26 MP: 1/6
  1514 | D:2      | Reached skill level 5 in Conjurations
  1603 | D:2      | Noticed Jessica
  1607 | D:2      | Killed Jessica
  1608 | D:2      | Reached XP level 4. HP: 33/33 MP: 2/7
  1618 | D:2      | Found a shimmering altar of Xom.
  1674 | D:2      | Found a shimmering altar of Xom.
  1675 | D:2      | Found a shimmering altar of Xom.
  1675 | D:2      | Found a shimmering altar of Xom.
  1927 | D:2      | Found a sparkling altar of Nemelex Xobeh.
  2409 | D:2      | Reached XP level 5. HP: 38/38 MP: 4/8
  2625 | D:3      | Noticed Sigmund
  2634 | D:3      | Killed Sigmund
  2635 | D:3      | Reached skill level 6 in Conjurations
  2635 | D:3      | Reached XP level 6. HP: 38/45 MP: 1/10
  2991 | D:3      | Noticed Terence
  3025 | D:3      | Killed Terence
  3256 | D:3      | Found a snail-covered altar of Cheibriados.
  3376 | D:3      | Noticed Ijyb
  3396 | D:3      | Killed Ijyb
  4030 | D:4      | Found a sand-covered staircase.
  4035 | Ossuary  | Entered an ossuary
  4348 | Ossuary  | Your scales start taking on a golden yellow colour.
  4348 | Ossuary  | Reached XP level 7. HP: 50/50 MP: 6/12
  4348 | Ossuary  | Gained mutation: You are resistant to acid. (rCorr) [Yellow
                  | Draconian growth]
  4837 | D:4      | Reached skill level 1 in Axes
  5064 | D:4      | Noticed Natasha
  5071 | D:4      | Killed Natasha
  5260 | D:4      | Found a shadowy altar of Dithmenos.
  5330 | D:4      | Noticed Robin
  5338 | D:4      | Killed Robin
  5531 | D:4      | Reached skill level 7 in Conjurations
  5746 | D:4      | Found a glowing golden altar of the Shining One.
  5863 | D:4      | Noticed Natasha
  5868 | D:4      | Killed Natasha
  6006 | D:5      | Entered Level 5 of the Dungeon
  6123 | D:5      | Found a shimmering blue altar of Sif Muna.
  6138 | D:5      | Became a worshipper of Sif Muna the Loreminder
  6189 | D:5      | Reached XP level 8. HP: 53/58 MP: 1/15
  6365 | D:5      | Noticed Pikel
  6388 | D:5      | Killed Pikel
  6389 | D:5      | Reached skill level 1 in Fighting
  6389 | D:5      | Reached skill level 5 in Spellcasting
  7036 | D:5      | Reached skill level 8 in Conjurations
  7348 | D:5      | Reached * piety under Sif Muna
  7431 | D:6      | Reached XP level 9. HP: 56/64 MP: 5/18
  7578 | D:6      | Noticed Maggie
  7588 | D:6      | Killed Maggie
  7906 | D:6      | Found a glowing drain.
  7909 | D:6      | Found a staircase to the Ecumenical Temple.
  7933 | Temple   | Entered the Ecumenical Temple
  8034 | Sewer    | Entered a sewer
  8125 | Sewer    | Reached ** piety under Sif Muna
  8802 | Sewer    | Reached *** piety under Sif Muna
  8948 | D:6      | Reached skill level 5 in Dodging
  9356 | D:6      | Reached skill level 9 in Conjurations
  9407 | D:6      | Reached skill level 5 in Stealth
  9876 | D:7      | Reached XP level 10. HP: 41/75 MP: 14/21
 10259 | D:7      | Found a snail-covered altar of Cheibriados.
 10445 | D:7      | Reached **** piety under Sif Muna
 10627 | D:7      | Noticed an orange demon
 10629 | D:7      | Reached skill level 1 in Invocations
 10746 | D:7      | Identified the +2 robe of Milyd {rElec}
 10786 | D:7      | Found a blossoming altar of Fedhas.
 11065 | D:8      | Noticed a two-headed ogre
 11071 | D:8      | Killed a two-headed ogre
 11334 | D:8      | Found a stormy altar of Qazlal.
 11420 | D:8      | Noticed Maurice
 11430 | D:8      | Paralysed by Maurice for 7 turns
 11452 | D:8      | Paralysed by something for 4 turns
 11461 | D:8      | Killed Maurice
 11688 | D:8      | Found a hide-covered altar of Uskayaw.
 11689 | D:8      | Found an ornate altar of the Wu Jian Council.
 11691 | D:8      | Found a shadowy altar of Dithmenos.
 11691 | D:8      | Identified the +1 leather armour of Gipp {Regen+ Stlth+}
 12388 | D:9      | Found a blossoming altar of Fedhas.
 12638 | D:9      | Found a snail-covered altar of Cheibriados.
 12772 | D:9      | Found a shimmering altar of Xom.
 13131 | D:9      | Reached skill level 10 in Conjurations
 13370 | D:10     | Entered Level 10 of the Dungeon
 13825 | D:10     | Identified Ruroth's Guide on Supportive Ice
 13832 | D:10     | Learned a level 1 spell: Apportation
 13884 | D:10     | Reached skill level 5 in Fighting
 13884 | D:10     | Reached XP level 11. HP: 86/86 MP: 17/23
 14265 | D:11     | Noticed a brown ugly thing
 14291 | D:11     | Killed a brown ugly thing
 14639 | D:11     | Learned a level 2 spell: Ensorcelled Hibernation
 14671 | D:11     | Reached skill level 5 in Axes
 14922 | D:11     | Noticed a green ugly thing
 14924 | D:11     | Noticed a cyan ugly thing
 14941 | D:11     | Killed a green ugly thing
 14945 | D:11     | Killed a green ugly thing
 15260 | D:11     | Noticed a green ugly thing
 15276 | D:11     | Killed a green ugly thing
 15471 | D:11     | Noticed an eight-headed hydra
 15479 | D:11     | HP: 2/89 [eight-headed hydra (9)]
 15928 | D:11     | HP: 3/89 [eight-headed hydra (6)]
 15929 | D:11     | Mangled by an eight-headed hydra

Illustrated notes

Levels and vault maps discovered:
D:1:      dpeg_arrival_more_subterranean_lakeside_camping, layout_basic
D:2:      layout_basic, nemelex_altar_shiori, xom_redecorated,
          grunt_ministairs_2, uniq_jessica
D:3:      layout_basic, lemuel_altar_in_water, uniq_sigmund, uniq_ijyb,
          uniq_terence
D:4:      layout_basic, nicolae_tso_besieged_by_evil,
          nicolae_ossuary_entry_plus, grunt_dithmenos_smoke_and_mirrors,
          uniq_robin, uniq_natasha
D:5:      layout_rooms, lemuel_doored_altar, uniq_pikel
D:6:      cheibrodos_barr_body, layout_cave_pools, minmay_temple_entry_waves,
          cheibrodos_sewer_entry_sluice, uniq_maggie
D:7:      minmay_the_grid_four_pointed_star
          [minmay_the_grid_triangle_9x9_shrine,
          minmay_the_grid_triangle_9x9_odd_lines,
          minmay_the_grid_triangle_9x9_pentomino_pain,
          minmay_the_grid_triangle_9x9_descending_squares,
          minmay_the_grid_prize_inner_circle], layout_loops_cross,
          chei_slow_surprise
D:8:      layout_loops_ring, grunt_temple_overflow_gold_and_silver,
          nicolae_qazlal_eye_of_the_storm, gammafunk_temple_overflow_forgotten,
          uniq_maurice
D:9:      layout_long_grid, nicolae_overflow_hidden_temple, fedhas_altar_2,
          grunt_ministairs_15, glass_columns_c, lemuel_tele_altar
D:10:     layout_basic, st_stairs_3, minmay_variable_closet
D:11:     minmay_recursive_quarters, layout_basic, erik_lair_orcish_takeover,
          orc_0_dummy, hex_medium
Temple:   compressed_dpeg_circular_temple

Skill      XL: |  1  2  3  4  5  6  7  8  9 10 11 |
---------------+----------------------------------+-----
Dodging        | 2 3 4 5 6 |  6.9
Conjurations   | 5 6 7 8 9 10 | 10.7
Stealth        | 2 3 4 5 |  5.5
Spellcasting   | 3 4 6 7 8 9 |  9.0
Axes           | 1 2 3 4 5 |  5.1
Fighting       | 1 2 5 |  5.9
Invocations    | 3 4 |  4.9
Short Blades   | |  0.2
Maces & Flails | |  0.9
Evocations     | |  0.5

Action                   |  1- 3 |  4- 6 |  7- 9 | 10-12 || total
-------------------------+-------+-------+-------+-------++-------
Melee: Unarmed           |     4 |       |       |       ||     4
       Club              |    22 |       |       |       ||    22
       Short sword       |     8 |    15 |       |       ||    23
       Tailslap          |     1 |     2 |     6 |       ||     9
       Hand axe          |       |    18 |    65 |     2 ||    85
       War axe           |       |       |       |    38 ||    38
 Cast: Magic Dart        |    55 |   119 |   245 |   132 ||   551
       Searing Ray       |       |    10 |    63 |    77 ||   150
       Ensorcelled Hiber |       |       |       |     1 ||     1
Evoke: Wand              |       |       |     1 |       ||     1
  Use: Scroll            |       |     6 |     2 |    10 ||    18
       Potion            |       |       |       |     2 ||     2
Armor: Skin              |    17 |    13 |    84 |   108 ||   222
Dodge: Dodged            |    28 |    33 |   162 |   140 ||   363

Table legend: (Time is in decaauts)
 A = Elapsed time spent in this place.
 B = Non-inter-level travel time spent in this place.
 C = Inter-level travel time spent in this place.
 D = Time resting spent in this place.
 E = Time spent auto-exploring this place.
 F = Levels seen in this place.
 G = Mean time per level.
                   A        B        C        D        E       F      G
               +--------+--------+--------+--------+--------+-----+--------+
         Total |  16036 |  15761 |    275 |   5197 |   7362 |  14 | 1145.4 |
       Dungeon |  14388 |  14128 |    260 |   4711 |   6727 |  11 | 1308.0 |
        Temple |     85 |     70 |     15 |      0 |     70 |   1 |   85.0 |
         Sewer |    948 |    948 |      0 |    125 |    565 |   1 |  948.0 |
       Ossuary |    614 |    614 |      0 |    361 |      0 |   1 |  614.0 |
               +--------+--------+--------+--------+--------+-----+--------+

Top non-repeatable levels by time:
    D:11: 1549 daAuts
     D:4: 1417 daAuts
     D:5: 1413 daAuts
     D:6: 1395 daAuts
     D:3: 1378 daAuts
     D:1: 1378 daAuts
     D:8: 1288 daAuts
     D:2: 1232 daAuts
     D:7: 1207 daAuts
     D:9: 1112 daAuts
    D:10: 1014 daAuts
   Sewer: 948 daAuts
 Ossuary: 614 daAuts
  Temple: 85 daAuts
